 Dungeon Crawl Stone Soup version 0.30-a0-159-g068b764562 (webtiles) character file.

Game seed: 3320624742924773410

125 porpoise the Sneak (level 5, -4/33 HPs)
             Began as a Kobold Delver on Sept 28, 2022.
             Slain by an ogre
             ... wielding a +0 giant spiked club
              (25 damage)
             ... on level 4 of the Dungeon.
             The game lasted 00:11:46 (3115 turns).

porpoise the Sneak (Kobold Delver)                  Turns: 3115, Time: 00:11:47

Health: -4/33      AC:  4    Str:  9    XL:     5   Next: 30%
Magic:  5/5        EV: 14    Int: 11    God:
Gold:   220        SH:  5    Dex: 19    Spells: 4/4 levels left

rFire   . . .      SeeInvis .    a - +2 short sword (vamp)
rCold   . . .      Faith    .    m - +0 buckler
rNeg    . . .      Spirit   .    s - +0 leather armour
rPois   .          Reflect  .    (no helmet)
rElec   .          Harm     .    o - +0 cloak
rCorr   .          Rampage  .    (no gloves)
Will    .....                    (no boots)
Stlth   +++++.....               (no amulet)
HPRegen 0.11/turn                (no ring)
MPRegen 0.09/turn                (no ring)

@: no status effects
A: small, no large weapons, nightstalker 3
a: no special abilities


You were on level 4 of the Dungeon.
You visited 1 branch of the dungeon, and saw 5 of its levels.

You collected 220 gold pieces.

Inventory:

Hand Weapons
 a - a +2 vampiric short sword (weapon)
 b - a +0 sling
 w - a +2 vampiric dagger
Missiles
 h - 7 poisoned darts (quivered)
Armour
 m - a +0 buckler (worn)
 o - a +0 cloak (worn)
 s - a +0 leather armour (worn)
Wands
 g - a wand of digging (3)
 j - a wand of flame (6)
Scrolls
 c - a scroll of fog
 d - 2 scrolls of magic mapping
 e - a scroll of fear
 k - a scroll of acquirement {unknown}
 q - a scroll of noise {unknown}
 v - a scroll of enchant weapon {unknown}
 x - a scroll of blinking {unknown}
 y - 2 scrolls of torment {unknown}
 z - a scroll of silence {unknown}
 A - a scroll of butterflies {unknown}
Potions
 f - 2 potions of haste
 i - a potion of brilliance
 l - 2 potions of flight
 n - 4 potions of curing
 p - a potion of berserk rage {unknown}
 r - 3 potions of mutation
 t - a potion of resistance {unknown}
 u - 2 potions of might {unknown}
 B - a potion of lignification {unknown}


   Skills:
 + Level 4.1 Fighting
 * Level 5.1 Short Blades
 - Level 2.4 Dodging
 + Level 7.4 Stealth


You had 4 spell levels left.
You didn't know any spells.
Your spell library contained the following spells:

 Spells                   Type           Power      Damage    Failure   Level
 Slow                     Hex            0%         N/A       61%         1
 Summon Small Mammal      Summ           0%         N/A       61%         1
 Call Canine Familiar     Summ           0%         N/A       93%         3
 Confusing Touch          Hex            0%         N/A       93%         3
 Summon Guardian Golem    Hex/Summ       0%         N/A       93%         3
 Vampiric Draining        Necr           0%         2d6       93%         3


Dungeon Overview and Level Annotations

Branches:
Dungeon (5/15)
 Temple: D:4-7

Altars:
Elyvilon
Qazlal
Uskayaw
Wu Jian
The Shining One


Innate Abilities, Weirdness & Mutations

You are small and have problems with some larger weapons.
You are completely attuned to the shadows.


Message History

You block the orc's attack.
You hit the orc.
The orc is heavily wounded.
The orc barely misses you.
You hit the orc.
You feel better.
The orc is almost dead.
You hit the orc.
You kill the orc!
Throw: 10 darts (poison)
Press: ? - help, Q - select action, (/) - cycle Shift-Dir - straight line, f - ogre
Aim: an ogre, wielding a +0 giant spiked club (77% to hit)
You throw a poisoned dart. The poisoned dart hits the ogre.
The ogre is poisoned.
The ogre barely misses you.
Throw: 9 darts (poison)
Press: ? - help, Q - select action, (/) - cycle Shift-Dir - straight line, f/p - ogre
Aim: an ogre, wielding a +0 giant spiked club (poisoned, 77% to hit)
You throw a poisoned dart.
The poisoned dart barely misses the ogre.
The ogre misses you.
You hit the ogre.
The ogre is lightly wounded.
You hit the ogre.
You feel better.
The ogre is moderately wounded.
The ogre closely misses you.
You hit the ogre but do no damage.
The ogre is moderately wounded.
You barely miss the ogre.
The ogre is moderately wounded.
The ogre misses you.
You hit the ogre.
The ogre is heavily wounded.
Throw: 8 darts (poison)
Press: ? - help, Q - select action, (/) - cycle Shift-Dir - straight line, f/p - ogre
Aim: an ogre, wielding a +0 giant spiked club (heavily wounded, poisoned, 77% to hit)
You throw a poisoned dart. The poisoned dart hits the ogre.
The ogre is heavily wounded.
The ogre hits you with a +0 giant spiked club!!
Ouch! That really hurt!
You die...

#._..⌠.._ #........
#.._..._.
####.(.?....
#.@O(.(.....
#)#..#######.#
#.#..# #.##.#
#....##### #.##.#
#.#......###.##.#
#............##.###
..#...##.##.......#
.....###.##>###>#.#
###.## #.##.# #.#.#


You could see an ogre (poisoned).

Vanquished Creatures
  An orc wizard (D:4)
  A gnoll (D:1)
  An adder (D:2)
  An ufetubus (D:4)
  A worm (D:2)
  3 dart slugs
  5 orcs
  4 ball pythons
  5 bats
  7 endoplasms
  5 giant cockroaches
  7 goblins
  5 hobgoblins
  4 kobolds
  A quokka (D:1)
  3 frilled lizards
  7 rats
61 creatures vanquished.

Notes
Turn   | Place    | Note
-------+----------+-------------------------------------------
     0 | D:5      | porpoise the Kobold Delver began the quest for the Orb.
     0 | D:5      | Reached XP level 1. HP: 14/14 MP: 1/1
    34 | D:5      | Noticed a jelly
   487 | D:4      | Reached XP level 2. HP: 15/19 MP: 2/2
   832 | D:1      | Reached XP level 3. HP: 23/23 MP: 3/3
  1297 | D:1      | Found a faded altar of an unknown god.
  1361 | D:1      | Reached skill level 7 in Stealth
  1605 | D:2      | Reached XP level 4. HP: 29/29 MP: 4/4
  2883 | D:3      | Found a faded altar of an unknown god.
  2884 | D:3      | Found an ornate altar of the Wu Jian Council.
  3057 | D:4      | Found a white marble altar of Elyvilon.
  3060 | D:4      | Found a hide-covered altar of Uskayaw.
  3061 | D:4      | Found a stormy altar of Qazlal.
  3062 | D:4      | Found a glowing golden altar of the Shining One.
  3082 | D:4      | Reached XP level 5. HP: 24/33 MP: 5/5
  3095 | D:4      | Reached skill level 5 in Short Blades
  3103 | D:4      | Noticed an ogre
  3115 | D:4      | Slain by an ogre

Illustrated notes

Levels and vault maps discovered:
D:1:      spicycebolla_arrival_xxxplode, layout_loops_cross,
          shapermc_ecumenical_altar_totnotflames
D:2:      layout_loops_ring
D:3:      layout_loops_ring, nicolae_overflow_ecumenical_swirl
D:4:      layout_loops_ring, grunt_temple_overflow_open, guppyfry_early_orc_mine
D:5:      layout_rooms, uniq_eustachio, uniq_sigmund

Skill      XL: |  1  2  3  4  5 |
---------------+----------------+-----
Short Blades   | 3 4 5 |  5.1
Stealth        | 7 |  7.4
Fighting       | 4 |  4.1
Dodging        | |  2.4

Action                   |  1- 3 |  4- 6 || total
-------------------------+-------+-------++-------
Melee: Short sword       |    63 |    63 ||   126
Throw: Dart              |       |    11 ||    11
  Use: Scroll            |       |     4 ||     4
 Stab: Sleeping          |    18 |    19 ||    37
Armor: Leather armour    |     3 |     9 ||    12
Dodge: Dodged            |    20 |    32 ||    52
Block: Buckler           |    11 |     9 ||    20

Table legend: (Time is in decaauts)
 A = Elapsed time spent in this place.
 B = Non-inter-level travel time spent in this place.
 C = Inter-level travel time spent in this place.
 D = Time resting spent in this place.
 E = Time spent auto-exploring this place.
 F = Levels seen in this place.
 G = Mean time per level.
                   A        B        C        D        E       F      G
               +--------+--------+--------+--------+--------+-----+--------+
         Total |   3092 |   2986 |    106 |    338 |   2093 |   5 |  618.4 |
       Dungeon |   3092 |   2986 |    106 |    338 |   2093 |   5 |  618.4 |
               +--------+--------+--------+--------+--------+-----+--------+

Top non-repeatable levels by time:
     D:1: 864 daAuts
     D:3: 831 daAuts
     D:2: 728 daAuts
     D:4: 627 daAuts
     D:5: 40 daAuts
